Unix xNetHack Version 7.1.0 - last build Jun 10 2022 16:52:22 (33bbff3b7d1ce07880d5c4b1c5efc7e91935e5b9). Game began 2022-07-01 15:48:04, ended 2022-07-01 16:11:04. nmlkj, chaotic male human Wizard #----------- ------- #..<.......| |......## #|.........| |.....| ######..........| |.....|#######|.........| -|----- #|.........| # r #|.........| #r@ #--------+-- r # # ## -.- ..... .......| .......... |..........| ------------ Nmlkj the Conjurer St:12 Dx:12 Co:11 In:18 Wi:11 Ch:12 Chaotic S:1232 Dlvl:7 $:0 HP:0(36) Pw:22(50) AC:10 Xp:5/233 T:1658 Satiated Latest messages: You drop a shining spellbook {40}. You drop a wrinkled spellbook {35}. You drop an uncursed spellbook of confuse monster {40}. You drop a blessed spellbook of force bolt {35}. You drop a spellbook of force bolt {35}. You drop an uncursed spellbook of knock {35}. You drop a blessed spellbook of magic missile {40}. You drop a black potion {20}. You drop 2 dark potions {40}. You drop a golden potion {20}. You drop a murky potion {20}. You drop a sky blue potion {20}. You drop a swirly potion {20}. You stagger under your load. Movement is still very hard. You drop an agate ring {3}. You drop a granite ring {3}. You rebalance your load. Movement is still difficult. You drop a tiger eye ring {3}. You drop a gilded wand {7}. Your movements are only slowed slightly by your load. You drop a long wand {7}. Your movements are now unencumbered. You drop a long wand {7}. You drop a steel wand {7}. You drop a blue gem {1}. You drop an orange gem {1}. The wererat bites! You miss the wererat. The wererat summons help! A giant rat suddenly appears next to you! A sewer rat suddenly appears next to you! The wererat bites! You bite the wererat. The sewer rat misses! The wererat bites! You miss the wererat. The sewer rat bites! The wererat bites! You miss the wererat. The sewer rat bites! The giant rat bites! The wererat bites! You return to human form! You miss the wererat. The sewer rat bites! The giant rat bites! The wererat bites! You hit the giant rat. The sewer rat bites! You die... Major events: Turn 1: nmlkj the chaotic male human Wizard entered the dungeon 421: attained the rank of Conjurer (level 3) 1163: destroyed nmlkj's ghost, the former Thaumaturge 1658: killed by a sewer rat Inventory: Not carrying anything. Nmlkj the Wizard's attributes: Background: You were a Conjurer, a level 5 male human Wizard. You were chaotic, nominally on a mission for Anhur who was opposed by Ptah (lawful) and Thoth (neutral). You were heterosexual. You were in the Dungeons of Doom, on level 7. You entered the dungeon 1658 turns ago. There was a new moon in effect when your adventure ended. You had 233 experience points, 87 more were needed to attain level 6. Your score was 1232 before end-of-game adjustments. Basics: You had 0 out of 36 hit points. You had 22 out of 50 energy points (spell power). Your armor class was 10. Your wallet was empty. Autopickup was on for '$"?+!=/' plus thrown. Final Characteristics: Your strength was 12 (limit:18/100). Your dexterity was 12 (peak:13, limit:18). Your constitution was 11 (limit:18). Your intelligence was 18 (limit:18). Your wisdom was 11 (limit:18). Your charisma was 12 (limit:18). Final Status: You were satiated. You were unencumbered. You were bare handed. You were unskilled in bare handed combat. You were not wearing any armor. Final Attributes: You were devoutly aligned. You were level-drain resistant. You were a wererat. You were harmed by silver. You are dead. Miscellaneous: You encountered 1 bones level. Total elapsed playing time was 23 minutes. Vanquished creatures: a jaguar a ghost a shrieker a gnome leader a gnomish wizard an elf zombie a rothe a rabid rat an iguana a gas spore a giant rat a brown mold a gnome a garter snake a gecko 2 jackals a fox 2 goblins a sewer rat 2 grid bugs 5 lichens 3 newts 31 creatures vanquished. No species were genocided or became extinct. Voluntary challenges: You were an atheist. You read items or engraved 1 time. You never genocided any monsters. You never polymorphed an object. You never touched an artifact. You used no wishes. You never owned a pet. You never scared an enemy with impunity. You were celibate. You never generated conflict. Achievement: You attained the rank of Conjurer. The Dungeons of Doom: levels 1 to 7 Level 1: A fountain. Level 2: Level 3: Level 4: Level 5: A fountain. Level 6: Many fountains. Final resting place for nmlkj-Wiz-Hum-Mal-Cha, killed by a jaguar. Level 7: <- You were here. Final resting place for you, killed by a sewer rat. Game over: __________ / \ / REST \ / IN \ / PEACE \ / \ | nmlkj | | 0 Au | | killed by a | | sewer rat | | | | | | 2022 | *| * * * | * _________)/\\_//(\/(/\)/\//\/|_)_______ Goodbye nmlkj the Wizard... You died in The Dungeons of Doom on dungeon level 7 with 1232 points, and 0 pieces of gold, after 1658 moves. You were level 5 with a maximum of 36 hit points when you died.